 Dungeon Crawl Stone Soup version 0.19.1-1-g22dce08 (webtiles) character file.

80 Alarkh the Chopper (level 4, 35/35 HPs)
             Began as a Demonspawn Monk on Jan 7, 2017.
             Quit the game on level 2 of the Dungeon.
             The game lasted 00:02:04 (2059 turns).

Alarkh the Chopper (Demonspawn Monk)                Turns: 2059, Time: 00:02:05

Health: 35/35      AC:  8    Str: 11    XL:     4   Next: 18%
Magic:  4/4        EV: 12    Int: 10    God:
Gold:   110        SH:  3    Dex: 16    Spells: 0 memorised, 3 levels left

rFire  . . .     SeeInvis .     i - -2 spear (curse)
rCold  . . .     Gourm    .     b - +0 robe
rNeg   . . .     Faith    .     f - +0 buckler {AC+3}
rPois  .         Spirit   +     (no helmet)
rElec  .         Reflect  .     e - +0 cloak
rCorr  .         Harm     .     (no gloves)
MR     .....                    (no boots)
Stlth  ++........               o - amulet of magic regeneration
                                (no ring)
                                j - -2 ring of intelligence (curse)

@: no status effects
A: yellow scales 1, magic shield
a: no special abilities


You were on level 2 of the Dungeon.
You were very hungry.

You visited 1 branch of the dungeon, and saw 2 of its levels.

You collected 110 gold pieces.

Inventory:

Hand Weapons
 a - a +0 hand axe
 i - a cursed -2 spear (weapon)
Armour
 b - a +0 robe (worn)
 e - a +0 cloak (worn)
 f - a +0 buckler of protection (worn)
Jewellery
 j - a cursed -2 ring of intelligence (left hand)
 o - an amulet of magic regeneration (around neck)
Potions
 d - a potion of ambrosia
 h - a potion of beneficial mutation {unknown}
 k - a potion of resistance {unknown}
 m - 2 potions of heal wounds {unknown}
Comestibles
 c - a bread ration
 g - a slice of pizza
 l - 2 meat rations
 n - a beef jerky


   Skills:
 - Level 3.0 Fighting
 + Level 4.6 Axes
 - Level 2.6 Dodging
 - Level 1.7 Stealth


You had 3 spell levels left.
You didn't know any spells.

Dungeon Overview and Level Annotations

Branches:
Dungeon (2/15)

Altars:


Innate Abilities, Weirdness & Mutations

You are partially covered in yellow scales. (AC +2)
When hurt, damage is shared between your health and your magic reserves.


Message History

You see here a whip.
You feel sick.
j - a blackened pearl ring You feel stupid.
Oops, that ring feels deathly cold.
j - a cursed -2 ring of intelligence (left hand)
You feel sick.
You start resting.
You feel sick. x2
You start resting.
You feel sick. x5
You are no longer poisoned.
You start resting.
You are feeling hungry.
You aren't carrying any spellbooks or scrolls.
You start resting.
HP restored.
You start waiting.
You are feeling very hungry.
Are you sure you want to abandon this character and quit the game? (Confirm with "yes".)

.# #.......[.## .#
###.#.#.##....#
.###..†..#)##.##.. ###.
.....#.###.##...#.....
.#####.# #.####.##..# .#
###.# #.# #..... #
.###...###.####..###..##
........<...(...).......
.###.#####.#####@##.##..
## #.# #.# #...# #.#
#.##..### #.# #.#..# #.#
..... #.# .... ... ...
...


There were no monsters in sight!

Vanquished Creatures
  3 adders
  A worm (D:2)
  A dart slug (D:1)
  3 giant cockroaches (D:1)
  5 goblins (D:1)
  7 hobgoblins
  8 jackals
  5 bats (D:1)
  A frilled lizard (D:1)
  7 kobolds
  4 rats (D:1)
45 creatures vanquished.

Notes
Turn   | Place    | Note
-------+----------+-------------------------------------------
     0 | D:1      | Alarkh the Demonspawn Monk began the quest for the Orb.
     0 | D:1      | Reached XP level 1. HP: 18/18 MP: 1/1
    26 | D:1      | Reached skill level 3 in Axes
    39 | D:1      | Gained mutation: You are partially covered in yellow scales. (AC +2) [demonic ancestry]
    39 | D:1      | Reached XP level 2. HP: 12/24 MP: 2/2
   691 | D:1      | Reached XP level 3. HP: 26/29 MP: 3/3
  1001 | D:1      | Reached skill level 4 in Axes
  1636 | D:2      | Gained mutation: When hurt, damage is shared between your health and your magic reserves. [demonic ancestry]
  1636 | D:2      | Reached XP level 4. HP: 13/35 MP: 4/4
  2059 | D:2      | Quit the game

Skill      XL: |  1  2  3 |
---------------+----------+-----
Axes           | 3 4 |  4.6
Fighting       | |  3.0
Dodging        | |  2.6
Stealth        | |  1.7

Action                   |  1- 3 |  4- 6 || total
-------------------------+-------+-------++-------
Melee: Hand axe          |    21 |       ||    21
       Spear             |   212 |    20 ||   232
  Use: Scroll            |     2 |       ||     2
 Stab: Sleeping          |     4 |       ||     4
       Distracted        |     1 |       ||     1
  Eat: Chunk             |     3 |       ||     3
Armor: Robe              |    74 |     2 ||    76
Dodge: Dodged            |   179 |    13 ||   192
Block: Buckler           |     9 |     2 ||    11
